 Dungeon Sprint DCSS version 0.28-a0-97-g102d6777a4 (webtiles) character file.

Game seed: 11045689884111681001

9716 MikeHunt the Black Belt (level 11, -5/106 HPs)
             Began as a Yellow Draconian Monk on Aug 10, 2021.
             Was an Initiate of Gozag.
             Slain by a tentacle (12 damage)
             ... attached to a kraken
             ... in the Dungeon (Sprint II: "The Violet Keep of Menkaure").
             The game lasted 00:15:44 (3238 turns).

MikeHunt the Black Belt (Yellow Draconian Monk)     Turns: 3238, Time: 00:15:45

Health: -5/106     AC: 13    Str: 13    XL:     11   Next: 26%
Magic:  19/19      EV: 18    Int: 10    God:    Gozag
Gold:   2535       SH:  0    Dex: 16    Spells: 8/21 levels left

rFire   . . .      SeeInvis .     - Unarmed
rCold   . . .      Faith    .   (no shield)
rNeg    . . .      Spirit   .   (armour unavailable)
rPois   +          Reflect  .   (helmet restricted)
rElec   .          Harm     .   e - +2 cloak {Stlth+}
rCorr   +          Rampage  .   b - +2 pair of gloves
Will    .....      NoTele   +   (no boots)
Stlth   +++.......              (no amulet)
HPRegen 0.27/turn               h - +4 ring of slaying
MPRegen 0.16/turn               g - ring of poison resistance

@: no status effects
A: spit acid, AC +7, unfitting armour, cold-blooded, acid resistance, dopey 1
a: Breathe Acid, Renounce Religion, Potion Petition, Call Merchant, Bribe Branch


You were in the Dungeon.
You worshipped Gozag.
Gozag was most pleased with you.
You visited 1 branch You collected 6063 gold pieces.
You spent 3164 gold pieces at shops.
You paid 364 gold pieces to Gozag.

Inventory:

Armour
 b - a +2 pair of gloves (worn)
 e - a +2 cloak of stealth (worn)
Jewellery
 g - a ring of poison resistance (right hand)
 h - a +4 ring of slaying (left hand)
Scrolls
 f - a scroll of blinking
 k - a scroll of enchant weapon
Potions
 a - a potion of curing
 c - a potion of haste
 d - 3 potions of magic
 i - 3 potions of flight
 j - a potion of invisibility
 l - a potion of cancellation {unknown}
 m - a potion of resistance
 n - 2 potions of heal wounds
 o - a potion of attraction


   Skills:
 - Level 12.8 Fighting
 - Level 11.0 Dodging
 - Level 1.7 Stealth
 - Level 18.3 Unarmed Combat
 + Level 5.5 Spellcasting
 * Level 8.8 Transmutations
 - Level 6.0 Earth Magic


You had 8 spell levels left.
You knew the following spells:

 Your Spells              Type           Power      Damage    Failure   Level
a - Statue Form           Tmut/Erth      11%        N/A       85%         6
b - Dragon Form           Tmut           10%        N/A       99%         7

Your spell library contained the following spells:

 Spells                   Type           Power      Damage    Failure   Level
 Sting                    Tmut/Pois      44%        1d5       3%          1
 Ignite Poison            Fire/Tmut/Pois 8%         N/A       21%         3


Dungeon Overview and Level Annotations

Branches:
Dungeon (1/1)

Altars:
Cheibriados
Dithmenos
Elyvilon
Fedhas
Gozag
Hepliaklqana
Kikubaaqudgha
Makhleb
Nemelex Xobeh
Okawaru
Qazlal
Ru
Sif Muna
Trog
Uskayaw
Vehumet
Wu Jian
Xom
Yredelemnul
Zin
The Shining One
Beogh
Jiyva
Lugonu

Shops:
D ?*[?:[(!(?(?:?[![([!!*!(===

Annotations:
D exclusions: ice statue and oklob plant, Roxanne


Innate Abilities, Weirdness & Mutations

You can spit globs of acid.
Your golden yellow scales are hard. (AC +7)
You cannot fit into any form of body armour.
You are cold-blooded and may be slowed by cold attacks.
You are resistant to acid. (rCorr)
You are dopey. (Int -2)


Message History

The tentacle closely misses you.
You punch the tentacle!
You kill the tentacle!
You punch the tentacle!
The tentacle is moderately wounded.
The tentacle slaps you. The tentacle completely misses you.
You completely miss the tentacle.
The tentacle is moderately wounded.
The tentacle slaps you but does no damage.
You pummel the tentacle!!
The tentacle is severely wounded.
The tentacle completely misses you.
You punch the tentacle!
The tentacle is almost dead.
The tentacle slaps you!
You punch the tentacle!
You kill the tentacle!
You have got your breath back.
The kraken squirts a massive cloud of ink into the water!
There is an open door, spattered with blood here.
Tentacles burst out of the water!
The kraken closely misses you. 4 tentacles come into view.
You punch the kraken!
The kraken is almost dead.
The tentacle slaps you! The tentacle slaps you.
The kraken squirts a massive cloud of ink into the water!
The tentacle slaps you. x2
You pummel the tentacle!!
The tentacle is heavily wounded.
The tentacle slaps you!!
* * * LOW HITPOINT WARNING * * *
The tentacle slaps you but does no damage.
The tentacle slaps you!
* * * LOW HITPOINT WARNING * * *
The kraken squirts a massive cloud of ink into the water!
The tentacle slaps you but does no damage.
There is an open door, spattered with blood here.
The tentacle slaps you!
You die...
Your body crumbles into a pile of gold.

,,*,**,,************+**,*,+≈,,≈+,
..*,k*,,*))!(!(!!▓▓,,,*,*,+≈,,≈+,
#.*,k*,,▓")?!$?(!▓▓,⌠,*,*,+≈,,≈+,
+.##.*,[▓$|($:)?)▓▓,,,*,*,+≈,,≈+,
*...####▓$[!?:$$(▓▓,,,*,*,+≈,,≈+,
*#^.##.#▓$)($[??$▓▓$,$*,*,+≈,,≈+,
$+..#..#▓)?$?($!?▓▓,,,*,*,+≈,,≈+,
,#..#..#▓$[!=$:($▓▓,⌠,*,*,*≈,,≈*,
##..##.#▓[$$::))@▓▓,$,*,*,*≈,,≈*,
###...##▓▓▓▓▓▓▓w▓▓▓▓+▓*,***≈,,≈**
..≈)≈≈≈≈≈≈≈≈§§§.\wXw≈▓,,,,,,$,**
..≈#+########§###V≈w§▓$,,,$,$**
..§#....._..#≈≈§##§§§▓,,,,,$**
≈§§#...._._.#§§§§####▓****≈**
§≈≈#..._._._#≈§≈§§#*$$*$$*≈*
≈≈≈#.._._._.#≈§§§≈≈#$,*$,*≈*
≈≈≈#._._._._#≈≈§§≈≈+$$+$$*≈*


You could see a kraken and 4 tentacles.

Vanquished Creatures
  Kirke (D)
  A frost giant (D)
  A deep elf high priest (D)
  A fire dragon (D)
  A yaktaur captain (D)
  A centaur warrior (D)
  A death yak (D)
  A skeletal warrior (D)
  An elephant (D)
  A yaktaur (D)
  A kobold demonologist (D)
  3 polar bears (D)
  A hornet (D)
  7 wyverns (D)
  4 neqoxecs (D)
  3 water moccasins (D)
  3 black bears (D)
  5 necrophages (D)
  An iron imp (D)
  3 worms (D)
  5 tentacles (D)
46 creatures vanquished.

Vanquished Creatures (others)
  A golden dragon (D)
  A bone dragon (D)
  A storm dragon (D)
  A cacodemon (D)
  A blink frog (D)
  Menkaure (D)
  A water moccasin (D)
  7 tentacles (D)
14 creatures vanquished.

Grand Total: 60 creatures vanquished

Notes
Turn   | Place    | Note
-------+----------+-------------------------------------------
     0 | D        | MikeHunt the Draconian Monk began the quest for the Orb.
     0 | D        | Reached XP level 1. HP: 19/19 MP: 1/1
     8 | D        | Reached skill level 4 in Unarmed Combat
    16 | D        | Reached skill level 5 in Unarmed Combat
    16 | D        | Reached XP level 2. HP: 14/26 MP: 2/2
    77 | D        | Killed Menkaure
   153 | D        | Killed a water moccasin
   170 | D        | Noticed a wyvern
   170 | D        | Noticed a wyvern
   173 | D        | Noticed a necrophage
   173 | D        | Noticed a necrophage
   173 | D        | Noticed a necrophage
   173 | D        | Noticed a necrophage
   184 | D        | Killed a necrophage
   185 | D        | Reached skill level 9 in Unarmed Combat
   185 | D        | Reached XP level 3. HP: 24/31 MP: 3/3
   185 | D        | Reached XP level 4. HP: 30/38 MP: 4/4
   192 | D        | Killed a necrophage
   193 | D        | Reached skill level 11 in Unarmed Combat
   193 | D        | Reached XP level 5. HP: 37/45 MP: 5/5
   195 | D        | Killed a necrophage
   196 | D        | Reached skill level 12 in Unarmed Combat
   197 | D        | Killed a necrophage
   198 | D        | Reached skill level 13 in Unarmed Combat
   198 | D        | Reached XP level 6. HP: 42/51 MP: 6/6
   315 | D        | Noticed a neqoxec
   315 | D        | Noticed a neqoxec
   315 | D        | Noticed a neqoxec
   315 | D        | Noticed a neqoxec
   324 | D        | Killed a neqoxec
   325 | D        | Reached skill level 14 in Unarmed Combat
   330 | D        | Killed a neqoxec
   331 | D        | Reached skill level 15 in Unarmed Combat
   331 | D        | Your scales start taking on a golden yellow colour.
   331 | D        | Reached XP level 7. HP: 36/57 MP: 7/7
   331 | D        | Gained mutation: You are resistant to acid. (rCorr) [Yellow
                  | Draconian growth]
   337 | D        | Killed a neqoxec
   340 | D        | Gained mutation: You are dopey. (Int -2) [a neqoxec]
   342 | D        | Killed a neqoxec
   343 | D        | Reached skill level 16 in Unarmed Combat
   430 | D        | Found Xelem's Jewellery Shop.
   430 | D        | Found Natumea's Jewellery Boutique.
   430 | D        | Found Xaimaih's Distillery.
   430 | D        | Found Midin's Antique Weapon Shop.
   430 | D        | Found Igyca's General Store.
   430 | D        | Found Gyjuy's Antique Armour Shop.
   431 | D        | Found Uhaseun's Distillery.
   432 | D        | Found Tennor's Book Shop.
   432 | D        | Found Pohotock's Magic Scroll Boutique.
   434 | D        | Found Cabitet's Jewellery Boutique.
   435 | D        | Found Vuborgh's Antique Weapon Shop.
   435 | D        | Found Loeraahe's Distillery.
   435 | D        | Noticed an oklob plant
   441 | D        | Found Nourrou's Magic Scroll Shop.
   441 | D        | Found Jella's Antique Armour Boutique.
   441 | D        | Found Tettubb's Book Shoppe.
   633 | D        | Noticed a polar bear
   637 | D        | Noticed a polar bear
   637 | D        | Noticed a flying skull
   637 | D        | Noticed an iron elemental
   637 | D        | Noticed a flying skull
   637 | D        | Noticed a flying skull
   644 | D        | Bought a pair of gloves for 121 gold pieces
   654 | D        | Bought a glowing cloak for 157 gold pieces
   668 | D        | Noticed a blink frog
   781 | D        | Killed a blink frog
   874 | D        | Found an opulent altar of Gozag.
   875 | D        | Found a blossoming altar of Fedhas.
   876 | D        | Found a white marble altar of Elyvilon.
   876 | D        | Found a burning altar of Makhleb.
   877 | D        | Found a shadowy altar of Dithmenos.
   877 | D        | Found a corrupted altar of Lugonu.
   878 | D        | Found a snail-covered altar of Cheibriados.
   878 | D        | Found an ancient bone altar of Kikubaaqudgha.
   878 | D        | Found a bloodstained altar of Trog.
   879 | D        | Found a viscous altar of Jiyva.
   879 | D        | Found a shimmering blue altar of Sif Muna.
   880 | D        | Found a sparkling altar of Nemelex Xobeh.
   880 | D        | Found a hide-covered altar of Uskayaw.
   880 | D        | Found a basalt altar of Yredelemnul.
   881 | D        | Found a hazy altar of Hepliaklqana.
   881 | D        | Found a sacrificial altar of Ru.
   882 | D        | Found a shimmering altar of Xom.
   883 | D        | Found a stormy altar of Qazlal.
   883 | D        | Found an ornate altar of the Wu Jian Council.
   883 | D        | Found a glowing golden altar of the Shining One.
   883 | D        | Noticed a hornet
   883 | D        | Noticed a polar bear
   884 | D        | Found an iron altar of Okawaru.
   884 | D        | Found a radiant altar of Vehumet.
   884 | D        | Found a glowing silver altar of Zin.
   884 | D        | Noticed a yaktaur
   885 | D        | Noticed a polar bear
   886 | D        | Noticed a polar bear
   896 | D        | Identified Roxanne's Collected Works on Transmutation
   896 | D        | Noticed Roxanne
   898 | D        | Became a worshipper of Gozag Ym Sagoz the Greedy
   946 | D        | Killed a polar bear
   947 | D        | Reached skill level 17 in Unarmed Combat
   947 | D        | Reached XP level 8. HP: 51/63 MP: 8/8
   953 | D        | Killed a polar bear
   954 | D        | Killed a hornet
   960 | D        | Killed a polar bear
   961 | D        | Reached skill level 18 in Unarmed Combat
   964 | D        | Killed a yaktaur
  1254 | D        | Reached skill level 5 in Fighting
  1254 | D        | Reached XP level 9. HP: 74/74 MP: 9/9
  1278 | D        | Bought a ring of poison resistance for 260 gold pieces
  1287 | D        | Bought a scroll of acquirement for 572 gold pieces
  1287 | D        | Acquired 717 gold pieces
  1300 | D        | Bought a +4 ring of slaying for 936 gold pieces
  1320 | D        | Noticed Kirke
  1320 | D        | Noticed a kobold demonologist
  1320 | D        | Noticed a yaktaur captain
  1361 | D        | Noticed a kraken
  1608 | D        | Noticed a death drake
  1651 | D        | Killed a kobold demonologist
  1652 | D        | Reached skill level 5 in Dodging
  1655 | D        | Noticed an elephant
  1655 | D        | Noticed a centaur warrior
  1661 | D        | Noticed a skeletal warrior
  1677 | D        | Killed Kirke
  1678 | D        | Reached skill level 10 in Fighting
  1679 | D        | Killed an elephant
  1680 | D        | Reached XP level 10. HP: 82/94 MP: 10/10
  1687 | D        | Noticed a fire dragon
  1698 | D        | Killed a yaktaur captain
  1725 | D        | Killed a skeletal warrior
  1726 | D        | Reached skill level 10 in Dodging
  1732 | D        | Killed a centaur warrior
  1976 | D        | Killed a fire dragon
  2097 | D        | Bought the Compendium of Transmutation for 420 gold pieces
  2104 | D        | Learned a level 6 spell: Statue Form
  2107 | D        | Bought a potion of invisibility for 112 gold pieces
  2120 | D        | Bought a scroll of identify for 22 gold pieces
  2127 | D        | Bought a scroll of enchant weapon for 75 gold pieces
  2127 | D        | Bought a scroll of enchant armour for 75 gold pieces
  2127 | D        | Bought a scroll of magic mapping for 35 gold pieces
  2149 | D        | Noticed a death yak
  2155 | D        | Killed a death yak
  2172 | D        | Learned a level 7 spell: Dragon Form
  2212 | D        | Reached skill level 5 in Transmutations
  2333 | D        | Found Gaerox's Magic Scroll Emporium.
  2333 | D        | Found Keeskoof's Assorted Antiques.
  2334 | D        | Found Xochesog's Armour Shop.
  2334 | D        | Found Odiheke's Magic Scroll Shoppe.
  2334 | D        | Found Pyarch's Magic Scroll Boutique.
  2334 | D        | Found Oranabal's Armour Emporium.
  2334 | D        | Found Ripu Leg's Distillery.
  2334 | D        | Found Baprupes's Antique Weapon Shoppe.
  2334 | D        | Found Ceyps's Antique Weapon Boutique.
  2334 | D        | Found Sasaorch's Armour Emporium.
  2334 | D        | Found Iruik's Weapon Shop.
  2334 | D        | Found Denk's Distillery.
  2350 | D        | Bought a potion of degeneration for 11 gold pieces
  2357 | D        | Bought a scroll of enchant armour for 75 gold pieces
  2370 | D        | Noticed a cacodemon
  2370 | D        | Noticed a storm dragon
  2370 | D        | Noticed a golden dragon
  2371 | D        | Noticed a bone dragon
  2399 | D        | Bought a potion of resistance for 130 gold pieces
  2399 | D        | Bought a potion of heal wounds for 65 gold pieces
  2399 | D        | Bought a potion of heal wounds for 65 gold pieces
  2400 | D        | Bought a potion of attraction for 33 gold pieces
  2457 | D        | Killed a cacodemon
  2567 | D        | Noticed a frost giant
  2568 | D        | Noticed a deep elf high priest
  2584 | D        | Killed a frost giant
  2585 | D        | Reached skill level 5 in Earth Magic
  2585 | D        | Reached XP level 11. HP: 72/106 MP: 15/18
  2690 | D        | Killed a deep elf high priest
  2691 | D        | Reached skill level 5 in Spellcasting
  2750 | D        | Killed a bone dragon
  2817 | D        | Killed a storm dragon
  2857 | D        | Killed a golden dragon
  3238 | D        | Slain by a tentacle

Illustrated notes

Levels and vault maps discovered:
D:        the_violet_keep_of_menkaure [sprint2_stairs_cluster_1,
          sprint2_shoproom, sprint2_temple, sprint2_basic_supplies,
          sprint2_obstacle_2, sprint2_obstacle_6, sprint2_obstacle_5,
          sprint2_obstacle_1, sprint2_obstacle_3, sprint2_timed_cluster_1,
          sprint2_smallroom_cluster_1, sprint2_smallroom_final_cluster_1,
          sprint2_transparent_cluster_1, sprint2_second_timed_cluster_1,
          sprint2_sniper_area_1, sprint2_heavy_combat_area_1,
          sprint2_mutation_trap_area_1, sprint2_forest_area_1,
          sprint2_light_combat_area_1, sprint2_behind_water_1,
          sprint2_near_end_vault_1]

Skill      XL: |  1  2  3  4  5  6  7  8  9 10 11 |
---------------+----------------------------------+-----
Unarmed Combat | 5 9 11 13 15 17 18 | 18.3
Fighting       | 5 10 12 | 12.8
Dodging        | 4 9 11 | 11.0
Spellcasting   | 4 5 |  5.5
Transmutations | 7 8 |  8.8
Earth Magic    | 5 6 |  6.0
Stealth        | |  1.7

Action                   |  1- 3 |  4- 6 |  7- 9 | 10-12 || total
-------------------------+-------+-------+-------+-------++-------
Melee: Unarmed           |    20 |    28 |    59 |    95 ||   202
       Tailslap          |     7 |     2 |     4 |    13 ||    26
       Punch             |       |       |     2 |    14 ||    16
Invok: Potion Petition   |       |       |     1 |       ||     1
 Abil: Breathe Acid      |       |       |     6 |     9 ||    15
  Use: Potion            |     1 |       |     1 |       ||     2
       Scroll            |       |       |     1 |     4 ||     5
 Stab: Sleeping          |       |       |       |     1 ||     1
Armor: Skin              |     2 |     4 |    17 |    26 ||    49
Dodge: Dodged            |     3 |     5 |    19 |    63 ||    90

Table legend: (Time is in decaauts)
 A = Elapsed time spent in this place.
 B = Non-inter-level travel time spent in this place.
 C = Inter-level travel time spent in this place.
 D = Time resting spent in this place.
 E = Time spent auto-exploring this place.
 F = Levels seen in this place.
 G = Mean time per level.
                   A        B        C        D        E       F      G
               +--------+--------+--------+--------+--------+-----+--------+
         Total |   3259 |   3247 |     12 |   2161 |     10 |   1 | 3259.0 |
       Dungeon |   3259 |   3247 |     12 |   2161 |     10 |   1 | 3259.0 |
               +--------+--------+--------+--------+--------+-----+--------+

Top non-repeatable levels by time:
       D: 3259 daAuts
